 Dungeon Crawl Stone Soup version 0.29.0-11-gd7f09526c8 (webtiles) character file.

Game seed: 1355924072679253810

5 mtoz the Trooper (level 1, -3/20 HPs)
             Began as a Minotaur Berserker on Sept 3, 2022.
             Was a Follower of Trog.
             Slain by a goblin
             ... wielding a +0 club
              (4 damage)
             ... on level 1 of the Dungeon.
             The game lasted 00:00:24 (104 turns).

mtoz the Trooper (Minotaur Berserker)                Turns: 104, Time: 00:00:25

Health: -3/20      AC:  2    Str: 21    XL:     1   Next: 66%
Magic:  0/0        EV: 12    Int:  4    God:    Trog [*.....]
Gold:   0          SH:  0    Dex:  9    Spells: 0/0 levels left

rFire   . . .      SeeInvis .   a - +0 hand axe
rCold   . . .      Faith    .   (no shield)
rNeg    . . .      Spirit   .   b - +0 animal skin
rPois   .          Reflect  .   (helmet restricted)
rElec   .          Harm     .   (no cloak)
rCorr   .          Rampage  .   (no gloves)
Will    .....                   (no boots)
Stlth   +.........              (no amulet)
HPRegen 0.06/turn               (no ring)
MPRegen 0.07/turn               (no ring)

@: on berserk cooldown, slowed, very slow
A: horns 2, retaliatory headbutt
a: Renounce Religion, Berserk


You were on level 1 of the Dungeon.
You worshipped Trog.
Trog was aware of your devotion.
You visited 1 branch of the dungeon, and saw 1 of its levels.

Inventory:

Hand Weapons
 a - a +0 hand axe (weapon)
Armour
 b - a +0 animal skin (worn)
Scrolls
 c - a scroll of magic mapping {unknown}


   Skills:
 + Level 3.7 Fighting
 + Level 3.7 Axes
 + Level 2.6 Armour
 + Level 2.3 Dodging


You couldn't memorise any spells.
You didn't know any spells.
Your spell library was empty.

Dungeon Overview and Level Annotations

Branches:
Dungeon (1/15)

Altars:

Annotations:
D:1 1 transporter


Innate Abilities, Weirdness & Mutations

You have a pair of horns on your head.
You reflexively headbutt those who attack you in melee.


Message History

The bat moves out of view.
A bat is nearby!
The bat barely misses you. The bat closely misses you.
You barely miss the bat. You headbutt the bat.
You kill the bat!
Trog accepts your kill.
No target in view!
No target in view!
HP restored.
A goblin comes into view.
It is wielding a +2 dagger of electrocution.
Found a gold piece.
The goblin shouts!
You see here a +0 club.
A goblin comes into view. It is wielding a +0 club.
You miss the goblin.
The goblin hits you with a +2 dagger of electrocution.
You are electrocuted!
Ouch! That really hurt!
* * * LOW HITPOINT WARNING * * *
You are too injured to fight recklessly!
You are too injured to fight recklessly!
You are too injured to fight recklessly!
A red film seems to cover your vision as you go berserk!
You feel yourself moving faster!
You feel mighty!
A hobgoblin comes into view.
The goblin hits you with a +2 dagger of electrocution.
* * * LOW HITPOINT WARNING * * *
You closely miss the goblin. The goblin barely misses you.
You slash the goblin!
You kill the goblin!
Trog accepts your kill.
You see here a +0 club.
You feel a strong urge to attack something.
You feel your anger nearly subside.
You are no longer berserk.
You are exhausted.
You feel yourself slow down. The goblin attacks as you move away!
The goblin hits you but does no damage. The goblin hits you with a +0 club.
You die...

#.#.#.#....##.#.#.####.#
######.#.##....###...##
#.....#<###....# ##.##
#..#.#©##....####.#
...#.#.#.#########g....#
#.....#########.#.####
#..#.#....##©.....# #
#.#....##...g.##
#.#....##..@..#
##......#....###
#............#
#.####.####### #. #.# #
#.# #.# ... #.


You could see a hobgoblin and a goblin.

Vanquished Creatures
  A ball python (D:1)
  A goblin (D:1)
  A hobgoblin (D:1)
  A bat (D:1)
  A frilled lizard (D:1)
5 creatures vanquished.

Notes
Turn   | Place    | Note
-------+----------+-------------------------------------------
     0 | D:1      | mtoz the Minotaur Berserker began the quest for the Orb.
     0 | D:1      | Reached XP level 1. HP: 19/19 MP: 0/0
    86 | D:1      | HP: 1/20 [goblin/+2 dagger of electrocution (17)]
   104 | D:1      | Slain by a goblin

Illustrated notes

Levels and vault maps discovered:
D:1:      spicycebolla_arrival_risky_transporter, layout_loops_ring,
          lexackson_kobold_supper

Action                   || total
-------------------------++-------
Melee: Hand axe          ||    11
       Headbutt          ||     3
Invok: Berserk           ||     1
Armor: Animal skin       ||     2
Dodge: Dodged            ||     7
